Map: Eastwatch LE

Players

Net - Winner!

  • Race: Zerg Zerg
  • Spawn Location: 7:00

TROVAS

  • Race: Terran Terran
  • League: Platinum
  • Spawn Location: 1:00

VOD

Have the link to the VOD?

Description

ZvT - Proxy all-in

Time

  • Played on: March 24, 2018, 12:02 a.m.
  • Length: 10:06
Show
View Real Time Build Order
Export as new Build Order

Net Zerg - Winner!

Build Orders: Hatch First, Zergling Baneling 

Get SALT Encoding   

  12  0:01  Drone  
  13  0:12  Overlord  
  13  0:26  Drone  
  14  0:43  Drone x3  
  17  0:56  Hatchery  
  16  1:02  Drone  
  17  1:14  Drone  
  18  1:20  Spawning Pool  
  18  1:23  Extractor  
  17  1:25  Drone  
  17  1:51  Drone x3  
  20  2:11  Queen, Drone  
  20  2:12  Queen  
  25  2:22  Overlord, Zergling x2  
  26  2:34  Zergling x2  
  27  2:40  Spine Crawler x2  
  27  2:44  Zergling x2, Spine Crawler  
  24  2:45  Zergling x2  
  20  3:37  Zergling x6  
  20  3:38  Zergling x6  
  20  3:40  Metabolic Boost  
  26  3:45  Baneling Nest  
  26  3:46  Queen  
  27  4:09  Zergling x8  
  28  4:25  Zergling x8  
  32  4:36  Baneling x8  
  19  6:23  Drone x6  
  19  6:25  Drone x3  
  28  6:39  Drone x2  
  30  6:53  Drone x2  
  32  6:57  Hatchery  
  30  7:41  Drone x5  
  35  8:01  Spawning Pool  
  35  8:05  Extractor  
  33  8:06  Drone  
  33  8:07  Drone  
  35  8:13  Drone  
  35  8:16  Drone x5  
  35  8:17  Overlord  
  41  8:48  Zergling x16  
  49  8:57  Extractor  
  49  8:58  Zergling x2  
  49  8:59  Overlord x3  
  49  9:17  Queen x3  
  49  9:20  Zergling x10  
  49  9:21  Zergling x8  
Show
View Real Time Build Order
Export as new Build Order

TROVAS Terran 

Build Orders:  

Get SALT Encoding   

  12  0:02  SCV  
  13  0:14  SCV  
  14  0:17  Supply Depot  
  14  0:26  SCV  
  15  0:43  SCV  
  16  1:20  Barracks  
  16  1:22  Barracks  
  16  1:29  Barracks  
  16  1:30  Barracks  
  16  1:34  SCV  
  17  1:40  Supply Depot  
  17  2:04  Supply Depot  
  17  2:08  Marine  
  18  2:11  Marine  
  19  2:19  Marine x2  
  21  2:27  Marine  
  21  2:28  Marine  
  23  2:36  Marine  
  23  2:38  Marine  
  24  2:45  Marine  
  24  2:48  Marine  
  26  2:54  Marine  
  26  2:55  Marine  
  26  3:06  Marine x2  
  26  3:12  Marine  
  27  3:13  Marine  
  26  3:23  Marine  
  26  3:24  Marine  
  27  3:30  Marine  
  26  3:39  SCV  
  30  3:51  SCV  
  27  4:12  Bunker  
  27  4:21  Marine  
  27  4:22  Marine x3  
  31  4:26  SCV  
  31  4:28  Refinery  
  32  4:35  Bunker  
  32  4:39  Marine x2  
  32  4:40  Marine x2  
  32  4:44  Supply Depot  
  36  4:57  Marine x3  
  39  5:05  Marine  
  39  5:06  SCV  
  41  5:15  Marine x3  
  41  5:18  SCV  
  45  5:23  Marine  
  41  5:33  Marine x3  
  39  5:41  Marine  
  27  5:50  Marine  
  27  5:51  Marine x2  
  20  6:28  SCV, Factory  
  21  6:40  SCV  
  22  7:02  Factory  
  22  7:06  Marine  
  22  7:07  Marine x3  
  26  7:15  Factory Tech Lab  
  26  7:20  Supply Depot  
  26  7:24  Marine  
  23  7:47  Factory Tech Lab  
  22  8:00  Refinery  
  22  8:10  Siege Tank  
  25  8:37  Orbital Command  
  25  8:42  Command Center  
  25  8:52  Widow Mine  
  27  8:56  Marine x3  
  30  9:13  Widow Mine, Engineering Bay  
  30  9:14  Marine x3  
  34  9:32  Marine x2  
  34  9:34  Marine  
  34  9:35  Marine, Widow Mine  
Tags
 
League
Platinum
Matchup
TvZ
Spawn Locations
Cross Positions
Add a new tag
Caveats
  • Supply blocks, unpowered buildings, or Contaminate may cause inaccurate times.
  • Supply counts are checked every 10 seconds.